 Dungeon Crawl Stone Soup version 0.26-a0-737-g4e9f4955e2 (webtiles) character file.

Game seed: 8972563836697802094

2552 jiml777 the Thaumaturge (level 9, -3/47 HPs)
             Began as a Deep Elf Air Elementalist on Nov 4, 2020.
             Was a Follower of Sif Muna.
             Slain by a yak (6 damage)
             ... on level 6 of the Dungeon.
             The game lasted 01:08:30 (9142 turns).

jiml777 the Thaumaturge (Deep Elf Air Elementalist) Turns: 9142, Time: 01:08:31

Health: -3/47      AC:  6    Str:  5    XL:     9   Next: 31%
Magic:  0/24       EV: 15    Int: 24    God:    Sif Muna [*.....]
Gold:   540        SH:  0    Dex: 15    Spells: 12/27 levels left

rFire    . . .     SeeInvis .   u - +5 short sword (speed)
rCold    . . .     Faith    .   (no shield)
rNeg     . . .     Spirit   .   m - +1 robe
rPois    .         Reflect  .   k - +1 helmet (curse)
rElec    .         Harm     .   (no cloak)
rCorr    .         Rampage  .   p - +0 pair of gloves
MR       .....                  (no boots)
Stlth    ++++......             (no amulet)
HPRegen  0.15/turn              o - ring of stealth
MPRegen  0.19/turn              (no ring)

@: no status effects
A: no striking features
a: Channel Magic, Renounce Religion


You were on level 6 of the Dungeon.
You worshipped Sif Muna.
Sif Muna was aware of your devotion.
You visited 2 branches of the dungeon, and saw 7 of its levels.
You also visited: Ossuary.

You collected 540 gold pieces.

Inventory:

Hand Weapons
 c - a +0 dagger of venom
 f - a +0 rapier of protection
 l - a +0 hunting sling
 u - a +5 short sword of speed (weapon)
Missiles
 e - 58 sling bullets
 q - 17 poisoned darts (quivered)
 s - 62 arrows
Armour
 g - a +0 buckler
 k - a cursed +1 helmet (worn)
 m - a +1 robe (worn)
 p - a +0 pair of gloves (worn)
Jewellery
 o - a ring of stealth (left hand)
 r - an uncursed ring of stealth
Wands
 n - a wand of digging (8)
Potions
 a - 2 potions of berserk rage
 b - 2 potions of degeneration {unknown}
 d - 2 potions of lignification
 h - 2 potions of flight {unknown}
 i - 2 potions of curing
 j - 2 potions of ambrosia {unknown}
 t - 3 potions of stabbing
 v - a potion of magic {unknown}
 w - 2 potions of brilliance {unknown}


   Skills:
 + Level 1.1 Fighting
 + Level 0.9 Short Blades
 - Level 5.0 Dodging
 - Level 4.0 Stealth
 + Level 9.8 Spellcasting
 * Level 5.1 Conjurations
 + Level 7.4 Air Magic
 * Level 2.6 Invocations
 * Level 2.5 Evocations


You had 12 spell levels left.
You knew the following spells:

 Your Spells              Type           Power        Failure   Level
a - Shock                 Conj/Air       ####         1%          1
b - Swiftness             Air            #####...     1%          2
c - Static Discharge      Conj/Air       #####...     1%          3
d - Airstrike             Air            #####.....   2%          4
e - Lightning Bolt        Conj/Air       #####.....   11%         5

Your spell library contained the following spells:

 Spells                   Type           Power        Failure   Level


Dungeon Overview and Level Annotations

Branches:
Dungeon (6/15)             Temple (1/1) D:4         Ossuary (visited)

Altars:
Cheibriados
Elyvilon
Fedhas
Kikubaaqudgha
Makhleb
Nemelex Xobeh
Okawaru
Qazlal
Ru
Sif Muna
Trog
Uskayaw
Xom
Yredelemnul
Zin
The Shining One


Message History

The yak is moderately wounded.
The yak gores you!
Casting: Airstrike (dangerous; 2% risk of failure)
Confirm with . or Enter, or press ? or * to list all spells.
Aiming: Airstrike (dangerous; 2% risk of failure)
Press: ? - help, Dir - move target cursor, f/p - yak
Aim: a yak (moderately wounded)
The air twists around and strikes the yak!
The yak is heavily wounded.
Casting: Airstrike (dangerous; 2% risk of failure)
Confirm with . or Enter, or press ? or * to list all spells.
Aiming: Airstrike (dangerous; 2% risk of failure)
Press: ? - help, Dir - move target cursor, f/p - yak
Aim: a yak (heavily wounded)
The air twists around and strikes the yak!
The yak is severely wounded.
The yak gores you!
* * * LOW HITPOINT WARNING * * *
The yak gores you.
You die...

#....#.. #...###.
#..###.. ### ##.# ##.
#.#### ##..####.
###.##.# #...#.##.
###......###........
#.........###..#....
##Y@#.......#..#..##
##Y##......##....#.
#.........########
###........########
#...##.##..##_._##.
##..........##..[###
#...#.......##..)###
#.#...........##...##.
#....#.Y#.#.#.##...##.


You could see 2 yaks.

Vanquished Creatures
  Sigmund (D:6)
  3 yaks
  Edmund (D:4)
  A phantom (D:4)
  An ice beast (D:6)
  A black bear (D:6)
  3 ogres (D:5)
  2 centaurs
  A bullfrog (D:6)
  Blork the orc (D:4)
  4 scorpions
  2 howler monkeys
  2 hounds (D:6)
  2 orc priests
  2 bullfrog skeletons (D:5)
  2 orc wizards
  7 worker ants
  A big kobold zombie (Ossuary)
  2 mummies (Ossuary)
  Robin (D:4)
  3 gnolls (D:5)
  8 adders
  3 shadow imps
  2 white imps
  An adder skeleton (D:4)
  4 worms
  7 dart slugs
  4 leopard geckos
  15 orcs
  6 bats
  3 giant cockroaches
  2 gnoll zombies (Ossuary)
  16 goblins
  11 hobgoblins
  11 jackals
  9 kobolds
  5 quokkas
  4 frilled lizards
  4 goblin zombies (Ossuary)
  7 hobgoblin zombies (Ossuary)
  A leopard gecko skeleton (D:6)
  A quokka skeleton (D:6)
  A quokka zombie (D:5)
  9 rats
177 creatures vanquished.

Vanquished Creatures (others)
  3 plants (D:3)
3 creatures vanquished.

Grand Total: 180 creatures vanquished

Notes
Turn   | Place    | Note
-------+----------+-------------------------------------------
     0 | D:1      | jiml777 the Deep Elf Air Elementalist began the quest for
                  | the Orb.
     0 | D:1      | Reached XP level 1. HP: 10/10 MP: 6/6
   257 | D:1      | Reached XP level 2. HP: 15/15 MP: 6/8
  1027 | D:1      | Reached XP level 3. HP: 19/19 MP: 7/10
  1607 | D:2      | Learned a level 2 spell: Swiftness
  1611 | D:2      | Learned a level 3 spell: Static Discharge
  1961 | D:2      | Reached XP level 4. HP: 24/24 MP: 9/11
  2442 | D:3      | Reached skill level 4 in Spellcasting
  2585 | D:3      | Reached XP level 5. HP: 15/28 MP: 4/13
  3249 | D:3      | Learned a level 4 spell: Airstrike
  3946 | D:4      | Noticed Robin
  3963 | D:4      | Killed Robin
  3968 | D:4      | Noticed Edmund
  4130 | D:4      | Killed Edmund
  4130 | D:4      | Reached skill level 5 in Spellcasting
  4130 | D:4      | Reached XP level 6. HP: 33/33 MP: 6/15
  4759 | D:4      | Noticed Blork the orc
  4835 | D:4      | Killed Blork the orc
  4835 | D:4      | Reached XP level 7. HP: 37/37 MP: 4/17
  5030 | D:4      | Found a staircase to the Ecumenical Temple.
  5039 | Temple   | Entered the Ecumenical Temple
  5294 | D:4      | Reached skill level 6 in Spellcasting
  5294 | D:4      | Reached skill level 5 in Air Magic
  5604 | D:5      | Entered Level 5 of the Dungeon
  5699 | D:5      | Found a shimmering blue altar of Sif Muna.
  5704 | D:5      | Became a worshipper of Sif Muna the Loreminder
  5940 | D:5      | Reached skill level 7 in Spellcasting
  6212 | D:5      | Reached XP level 8. HP: 42/42 MP: 11/20
  6288 | D:5      | Reached skill level 1 in Fighting
  6514 | D:5      | Reached skill level 5 in Dodging
  6521 | D:5      | Learned a level 5 spell: Lightning Bolt
  6737 | D:5      | Reached skill level 8 in Spellcasting
  7233 | D:6      | Found a sand-covered staircase.
  7240 | Ossuary  | Entered an ossuary
  7391 | Ossuary  | Reached * piety under Sif Muna
  8060 | D:6      | Reached skill level 1 in Invocations
  8060 | D:6      | Reached skill level 1 in Evocations
  8154 | D:6      | Found a stormy altar of Qazlal.
  8198 | D:6      | Reached skill level 9 in Spellcasting
  8498 | D:6      | Noticed Sigmund
  8526 | D:6      | Reached XP level 9. HP: 34/47 MP: 15/24
  8611 | D:6      | Killed Sigmund
  8857 | D:6      | Found a bloodstained altar of Trog.
  8857 | D:6      | Found an iron altar of Okawaru.
  8921 | D:6      | Reached skill level 5 in Conjurations
  9142 | D:6      | Slain by a yak

Illustrated notes

Levels and vault maps discovered:
D:1:      onia_arrival_pyramid, layout_basic
D:2:      layout_loops_ring, grunt_decor_resistance, moated_statue
D:3:      layout_basic, corexii_shack
D:4:      layout_rooms, temple_hall, uniq_edmund, uniq_robin, uniq_blork_the_orc
D:5:      layout_gridville, lemuel_doored_altar
D:6:      layout_cave_pools, grunt_temple_overflow_bloody_war,
          old_standard_altar, nicolae_ossuary_entry_ruins, uniq_sigmund
Temple:   minmay_temple_bridge_abc

Skill      XL: |  1  2  3  4  5  6  7  8  9 |
---------------+----------------------------+-----
Stealth        | 3 4 |  4.0
Conjurations   | 2 3 4 5 |  5.1
Spellcasting   | 4 5 7 9 |  9.8
Air Magic      | 4 5 7 |  7.4
Dodging        | 3 4 5 |  5.0
Fighting       | 1 |  1.1
Invocations    | 1 2 |  2.6
Evocations     | 1 2 |  2.5
Short Blades   | |  0.9

Action                   |  1- 3 |  4- 6 |  7- 9 || total
-------------------------+-------+-------+-------++-------
Melee: Club              |     1 |       |       ||     1
       Dagger            |       |     7 |       ||     7
       Short sword       |       |       |     7 ||     7
 Cast: Shock             |    71 |   125 |    76 ||   272
       Swiftness         |       |     1 |     1 ||     2
       Airstrike         |       |     5 |    93 ||    98
  Use: Potion            |       |     5 |     2 ||     7
       Scroll            |       |    11 |     4 ||    15
Armor: Robe              |     4 |     6 |     4 ||    14
Dodge: Dodged            |    11 |    39 |    19 ||    69

Table legend: (Time is in decaauts)
 A = Elapsed time spent in this place.
 B = Non-inter-level travel time spent in this place.
 C = Inter-level travel time spent in this place.
 D = Time resting spent in this place.
 E = Time spent auto-exploring this place.
 F = Levels seen in this place.
 G = Mean time per level.
                   A        B        C        D        E       F      G
               +--------+--------+--------+--------+--------+-----+--------+
         Total |   9157 |   9061 |     96 |   4374 |   2451 |   8 | 1144.6 |
       Dungeon |   8419 |   8346 |     73 |   3970 |   2291 |   6 | 1403.2 |
        Temple |    192 |    169 |     23 |      0 |    150 |   1 |  192.0 |
       Ossuary |    545 |    545 |      0 |    404 |     10 |   1 |  545.0 |
               +--------+--------+--------+--------+--------+-----+--------+

Top non-repeatable levels by time:
     D:5: 1801 daAuts
     D:3: 1602 daAuts
     D:4: 1404 daAuts
     D:1: 1216 daAuts
     D:6: 1197 daAuts
     D:2: 1196 daAuts
 Ossuary: 545 daAuts
  Temple: 192 daAuts
